 Dungeon Crawl Stone Soup version 0.18.1-8-gdd0e5ea (webtiles) character file.

7093 Gargoyl the Protected (level 10, -6/79 HPs)
             Began as a Demonspawn Abyssal Knight on June 10, 2016.
             Was an Elder of Lugonu.
             Hit by a large rock thrown by a stone giant (38 damage)
             ... on level 1 of the Orcish Mines.
             The game lasted 00:20:02 (10590 turns).

Gargoyl the Protected (Demonspawn Abyssal Knight)  Turns: 10590, Time: 00:20:02

Health: -6/79      AC: 21    Str: 15    XL:     10   Next: 84%
Magic:  0/10       EV:  7    Int: 14    God:    Lugonu [****..]
Gold:   464        SH:  7    Dex: 16    Spells: 0 memorised, 9 levels left

rFire  . . .     SeeInvis .     J - +1 war axe
rCold  . . .     Gourm    .     I - +0 plate armour
rNeg   . . .     Faith    .     w - +0 buckler
rPois  .         Spirit   +     F - +1 hat
rElec  .         Dismiss  .     (no cloak)
rCorr  .         Reflect  +     y - +2 pair of gloves
SustAt .         Harm     .     (no boots)
MR     .....                    x - +2 amulet of reflection
Stlth  ..........               u - +3 ring of protection
                                f - +3 ring of dexterity

@: not resistant to hostile enchantments, extremely unstealthy
A: horns 2, talons 1, low mp 1, spiny 1, wild magic 1, magic shield, magic
regeneration
a: Depart the Abyss, Bend Space, Banish, Corrupt, Renounce Religion


You were on level 1 of the Orcish Mines.
You worshipped Lugonu.
Lugonu was greatly pleased with you.
You were not hungry.

You visited 2 branches of the dungeon, and saw 10 of its levels.
You visited the Abyss 1 time.

You collected 464 gold pieces.

Inventory:

Hand Weapons
 J - a +1 war axe (weapon)
Missiles
 e - 14 tomahawks (quivered)
 p - 8 javelins
Armour
 w - a +0 buckler (worn)
 y - a +2 pair of gloves (worn)
 F - a +1 hat (worn)
 I - a +0 plate armour (worn)
Jewellery
 f - a +3 ring of dexterity (left hand)
 n - an uncursed ring of protection from fire
 u - a +3 ring of protection (right hand)
 x - a +2 amulet of reflection (around neck)
 E - an uncursed amulet of magic regeneration
 K - an uncursed ring of fire
Wands
 i - a wand of lightning (6/15)
 B - a wand of slowing (16/48)
 G - a wand of confusion (28/48)
 L - a wand of random effects (38/48)
Scrolls
 m - 2 scrolls of identify
 q - a scroll of blinking
 s - a scroll of teleportation
 t - 5 scrolls of remove curse
 v - 2 scrolls of enchant weapon
 A - a scroll of fear {unknown}
 N - 3 scrolls of recharging
Potions
 a - a potion of brilliance {unknown}
 b - a potion of flight {unknown}
 j - 3 potions of curing
 k - a potion of agility {unknown}
 l - a potion of cancellation
 r - a potion of berserk rage {unknown}
 z - a potion of lignification {unknown}
 H - a potion of degeneration {unknown}
 M - a potion of heal wounds
Books
 h - a book of Summonings

   Spells                             Type                      Level
   a - Recall                         Summoning/Translocation      3
   b - Aura of Abjuration             Summoning                    5
   c - Summon Demon                   Summoning                    5
   d - Summon Forest                  Summoning/Translocation      5
   e - Summon Mana Viper              Hexes/Summoning              5
   f - Shadow Creatures               Summoning                    6
 C - a Young Poisoner's Handbook

   Spells                             Type                      Level
   a - Sting                          Conjuration/Poison           1
   b - Cure Poison                    Poison                       2
   c - Mephitic Cloud                 Conjuration/Poison/Air       3
   d - Olgreb's Toxic Radiance        Poison                       4
   e - Venom Bolt                     Conjuration/Poison           5
Comestibles
 c - 7 bread rations
 d - 2 slices of pizza
 g - 3 meat rations
 o - 2 fruits
 D - 2 beef jerkies
 O - a chunk of flesh


   Skills:
 + Level 7.5 Fighting
 + Level 6.7 Axes
 * Level 10.0 Armour
 + Level 4.7 Dodging
 + Level 2.1 Stealth
 + Level 5.2 Shields
 + Level 2.8 Invocations


You had 9 spell levels left.
You didn't know any spells.

Dungeon Overview and Level Annotations

Branches:
Dungeon (9/15)             Temple (0/1) D:7             Orc (1/2) D:9
   Lair: D:8-11

Altars:
Cheibriados
Dithmenos
Elyvilon
Gozag
Nemelex Xobeh
Pakellas
Qazlal
Ru
Trog
Yredelemnul


Innate Abilities, Weirdness & Mutations

You have a pair of horns on your head.
You are partially covered in sharp spines.
When hurt, damage is shared between your health and your magic reserves.
You regenerate magic rapidly.
You have sharp toenails.
Your magical capacity is low (-10% MP).
Your spells are a little harder to cast, but a little more powerful.


Message History

The orc warrior hits you from afar with a glaive.
You block the orc's attack.
A stone giant comes into view.
The stone giant shouts!
The stone giant throws a large rock.
The large rock hits you but does no damage.
You block the orc's attack. The orc warrior hits you with a glaive!
You see here a large rock.
The stone giant throws a large rock.
The large rock hits you but does no damage.
The orc barely misses you. The orc warrior hits you with a glaive.
You see here a large rock.
Unknown command.
You closely miss the orc warrior.
The stone giant throws a large rock.
The large rock hits you!! The orc closely misses you.
The orc warrior is struck by your spines.
The orc warrior hits you with a glaive!
The stone giant throws a large rock.
The large rock hits you.
The stone giant throws a large rock.
The large rock hits you!!!
You die...

#.........................
##........................
##........................
#.........#............#
#...#.....#..........
##.#............#...
####...........#
##.........#..
##...@(o......
#.....(o......
#..............
##..#..........
.........#.....
...........#....
......#.........
...#.....C#.....
...#.....##. ..


You could see a stone giant, an orc warrior and an orc.

Vanquished Creatures
  Gastronok (D:9)
  Psyche (D:9)
  2 trolls (D:9)
  A two-headed ogre (D:9)
  Sigmund (D:6)
  2 wyverns
  A hungry ghost (D:9)
  Menkaure (D:7)
  7 orc warriors
  A phantom (D:8)
  A black bear (D:9)
  A sky beast (D:8)
  6 ogres
  3 centaurs
  A crocodile (D:9)
  A big kobold (D:7)
  The ghost of raetorn the Digger, an amateur GrEE (D:3)
  2 giant frogs (D:8)
  6 killer bees (D:7)
  A jelly (D:8)
  3 wights (D:8)
  3 howler monkeys (D:7)
  6 crimson imps
  A quasit (D:8)
  2 hounds (D:6)
  3 centaur skeletons
  6 orc priests
  2 giant frog skeletons
  An iguana (D:4)
  10 orc wizards
  6 worker ants
  A worker ant zombie (D:8)
  2 howler monkey skeletons
  4 adders
  A shadow imp (D:6)
  2 oozes
  An adder skeleton (D:4)
  A worm (D:4)
  3 dart slugs
  6 giant geckos
  57 orcs
  7 giant cockroaches
  8 goblins
  9 hobgoblins
  13 jackals
  8 kobolds
  7 quokkas
  3 ball pythons
  2 bats (D:2)
  4 giant newts
  A quokka skeleton (D:4)
  A quokka zombie (D:6)
  5 rats
230 creatures vanquished.

Vanquished Creatures (others)
  An orc (D:6)
1 creature vanquished.

Grand Total: 231 creatures vanquished

Notes
Turn   | Place    | Note
--------------------------------------------------------------
     0 | Abyss:1  | Gargoyl the Demonspawn Abyssal Knight began the quest for the Orb.
     0 | Abyss:1  | Reached XP level 1. HP: 18/18 MP: 2/2
    75 | Abyss:1  | Noticed a large abomination
    98 | D:1      | Escaped the Abyss
   388 | D:1      | Gained mutation: You have a pair of small horns on your head. [demonic ancestry]
   388 | D:1      | Reached XP level 2. HP: 23/24 MP: 3/3
   476 | D:1      | Reached * piety under Lugonu
  1214 | D:2      | Reached skill level 2 in Armour
  1261 | D:2      | Reached XP level 3. HP: 30/30 MP: 5/5
  1281 | D:2      | Found a sparkling altar of Nemelex Xobeh.
  1643 | D:2      | Found a sacrificial altar of Ru.
  1821 | D:3      | Noticed raetorn's ghost (amateur GrEE)
  1838 | D:3      | Killed raetorn's ghost
  1838 | D:3      | Reached skill level 1 in Dodging
  1838 | D:3      | Reached XP level 4. HP: 29/37 MP: 6/6
  2102 | D:3      | Gained mutation: You are partially covered in sharp spines. [demonic ancestry]
  2102 | D:3      | Reached XP level 5. HP: 30/42 MP: 7/7
  2104 | D:3      | Reached skill level 3 in Armour
  2116 | D:3      | Reached ** piety under Lugonu
  2433 | D:3      | Found an opulent altar of Gozag.
  2434 | D:3      | Found a snail-covered altar of Cheibriados.
  3315 | D:4      | Gained mutation: When hurt, damage is shared between your health and your magic reserves. [demonic ancestry]
  3315 | D:4      | Reached XP level 6. HP: 42/49 MP: 8/8
  3602 | D:4      | Reached skill level 4 in Armour
  3993 | D:4      | Found a stormy altar of Qazlal.
  4354 | D:5      | Entered Level 5 of the Dungeon
  4359 | D:5      | Gained mutation: You regenerate magic rapidly. [demonic ancestry]
  4359 | D:5      | Reached XP level 7. HP: 55/55 MP: 9/9
  4400 | D:5      | Reached *** piety under Lugonu
  5013 | D:5      | Reached skill level 5 in Armour
  5114 | D:6      | Noticed Sigmund
  5116 | D:6      | Reached skill level 5 in Fighting
  5116 | D:6      | Reached skill level 1 in Shields
  5403 | D:6      | Killed Sigmund
  5403 | D:6      | Reached XP level 8. HP: 41/62 MP: 8/10
  5525 | D:6      | Found an oddly glowing altar of Pakellas.
  5708 | D:6      | Reached skill level 6 in Armour
  5904 | D:6      | Reached skill level 1 in Stealth
  6036 | D:6      | Found a bloodstained altar of Trog.
  6334 | D:7      | Noticed Menkaure
  6347 | D:7      | Killed Menkaure
  6420 | D:7      | Reached skill level 7 in Armour
  6696 | D:7      | Found a white marble altar of Elyvilon.
  6975 | D:7      | Reached XP level 9. HP: 49/68 MP: 8/11
  6986 | D:7      | Reached **** piety under Lugonu
  6996 | D:7      | Found a staircase to the Ecumenical Temple.
  7627 | D:8      | Gained mutation: You have sharp toenails. [mutagenic meat]
  7628 | D:8      | Gained mutation: Your spells are a little harder to cast, but a little more powerful. [mutagenic meat]
  7630 | D:8      | Gained mutation: Your magical capacity is low (-10% MP). [mutagenic meat]
  7934 | D:8      | Found a shadowy altar of Dithmenos.
  8246 | D:8      | Reached skill level 8 in Armour
  8257 | D:8      | Reached skill level 5 in Axes
  8610 | D:9      | Noticed a troll
  8616 | D:9      | Killed a troll
  8652 | D:9      | Gained mutation: You have a pair of horns on your head. [demonic ancestry]
  8652 | D:9      | Reached XP level 10. HP: 73/77 MP: 10/10
  8659 | D:9      | Noticed Gastronok
  8692 | D:9      | Killed Gastronok
  8692 | D:9      | Reached skill level 9 in Armour
  9244 | D:9      | Reached skill level 5 in Shields
  9478 | D:9      | Found a staircase to the Orcish Mines.
  9485 | D:9      | Noticed Psyche
  9493 | D:9      | Killed Psyche
  9665 | D:9      | Found a basalt altar of Yredelemnul.
  9874 | Orc:1    | Entered Level 1 of the Orcish Mines
 10082 | Orc:1    | Noticed an ettin
 10113 | D:9      | HP: 1/79 [ettin/dire flail (20)]
 10416 | Orc:1    | Reached skill level 10 in Armour
 10587 | Orc:1    | Noticed a stone giant
 10590 | Orc:1    | Hit by a large rock thrown by a stone giant

Skill      XL: |  1  2  3  4  5  6  7  8  9 10 |
---------------+-------------------------------+-----
Axes           | 2 3 4 5 6 |  6.7
Armour         | 2 3 4 5 7 8 10 | 10.0
Fighting       | 4 5 6 7 |  7.5
Dodging        | 1 2 3 4 |  4.7
Shields        | 1 3 4 5 |  5.2
Stealth        | 1 2 |  2.1
Invocations    | |  2.8

Action                   |  1- 3 |  4- 6 |  7- 9 | 10-12 || total
-------------------------+-------+-------+-------+-------++-------
Melee: Hand axe          |    85 |   128 |   272 |       ||   485
       Headbutt          |    19 |    25 |    66 |    33 ||   143
       War axe           |       |       |    37 |   150 ||   187
       Kick              |       |       |    28 |    62 ||    90
Invok: Depart the Abyss  |     1 |       |       |       ||     1
  Use: Scroll            |     3 |     8 |     4 |     6 ||    21
       Potion            |       |       |       |     5 ||     5
  Eat: Chunk             |     3 |     8 |    16 |     3 ||    30
       Royal jelly       |       |       |     1 |       ||     1
       Bread ration      |       |       |       |     1 ||     1
Armor: Leather armour    |     9 |       |       |       ||     9
       Scale mail        |    28 |    22 |       |       ||    50
       Chain mail        |       |    45 |   140 |       ||   185
       Plate armour      |       |       |    96 |    87 ||   183
Dodge: Dodged            |    52 |    54 |   106 |    41 ||   253
Block: Other             |       |     1 |       |       ||     1
       Buckler           |       |    11 |   129 |    55 ||   195
       Reflection        |       |     2 |     2 |     1 ||     5
